 Dungeon Sprint DCSS version 0.17-a0-1508-ge7f3dc3 (webtiles) character file.

332 Kidiri the Thaumaturge (level 6, -10/32 HPs)
             Began as a Deep Elf Fire Elementalist on July 10, 2015.
             Was a High Priest of Vehumet.
             Mangled by a wyvern (18 damage)
             ... in the Dungeon (Sprint VII: "The Pits").
             The game lasted 00:05:16 (892 turns).

Kidiri the Thaumaturge (Deep Elf Fire Elementalist)  Turns: 892, Time: 00:05:16

Health: -10/32     AC:  2    Str:  5    XL:     6   Next: 26%
Magic:  21/21      EV: 16    Int: 22    God:    Vehumet [*****.]
Gold:   0          SH:  0    Dex: 15    Spells: 8 memorised, 1 level left

rFire  . . .     SeeInvis .     p - +2 dagger
rCold  . . .     Clarity  .     a - +0 robe
rNeg   . . .     SustAt   .     (no shield)
rPois  .         Gourm    .     (no helmet)
rElec  .         Spirit   .     (no cloak)
rCorr  .         Warding  .     (no gloves)
rMut   .         NoTele   +     (no boots)
MR     .....                    (no amulet)
Stlth  ++++......               (no ring)
                                (no ring)

@: not resistant to hostile enchantments, stealthy
A: no striking features
a: Renounce Religion


You were in the Dungeon.
You worshipped Vehumet.
Vehumet was extremely pleased with you.
You were not hungry.

You visited 1 branch

Inventory:

Hand weapons
 p - a +2 dagger (weapon)
Armour
 a - a +0 robe (worn)
Scrolls
 i - a scroll of blinking
 m - 3 scrolls of remove curse
 n - 5 scrolls of amnesia
 o - a scroll of summoning
Potions
 d - 6 potions of curing
 e - 6 potions of heal wounds
 f - a potion of haste
 g - 4 potions of magic
 h - 3 potions of berserk rage
 l - 2 potions of invisibility
Books
 b - a book of Flames

   Spells                             Type                      Level
   a - Flame Tongue                   Conjuration/Fire             1
   b - Throw Flame                    Conjuration/Fire             2
   c - Conjure Flame                  Conjuration/Fire             3
   d - Inner Flame                    Hexes/Fire                   3
   e - Sticky Flame                   Conjuration/Fire             4
   f - Fireball                       Conjuration/Fire             5
Comestibles
 c - 8 bread rations
 j - 40 fruits
 k - 7 meat rations


   Skills:
 + Level 6.5 Dodging
 + Level 7.1 Stealth
 * Level 10.0 Spellcasting
 + Level 5.7 Conjurations
 + Level 4.8 Hexes
 + Level 0.0 Transmutations
 + Level 6.5 Fire Magic
 + Level 0.2 Poison Magic


You had one spell level left.
You knew the following spells:

 Your Spells              Type           Power        Failure   Level  Hunger
a - Flame Tongue          Conj/Fire      #####        1%          1    None
b - Throw Flame           Conj/Fire      #####.       1%          2    None
c - Conjure Flame         Conj/Fire      #####...     1%          3    None
d - Inner Flame           Hex/Fire       #####...     1%          3    None
e - Sticky Flame          Conj/Fire      #####...     1%          4    ##.....
f - Fireball              Conj/Fire      #####.....   4%          5    ####...
g - Ignite Poison         Fire/Trmt/Pois ###.....     2%          3    None
h - Static Discharge      Conj/Air       ###.....     2%          3    None


Dungeon Overview and Level Annotations

Branches:
Dungeon (1/1)

Altars:
Ashenzari
Cheibriados
Dithmenos
Elyvilon
Fedhas
Gozag
Kikubaaqudgha
Makhleb
Nemelex Xobeh
Okawaru
Qazlal
Ru
Sif Muna
Trog
Vehumet
Xom
Yredelemnul
Zin
The Shining One
Beogh
Jiyva
Lugonu


Message History

You impale the wyvern!!
The wyvern is almost dead.
The wyvern misses you.
Unknown command.
Casting: Flame Tongue
Confirm with . or Enter, or press ? or * to list all spells.
Aiming: Flame Tongue
Press: ? - help, Shift-Dir - straight line, f - wyvern
Aim: a wyvern (almost dead)
The flame tongue misses the wyvern.
The wyvern bites you. The wyvern bites you!!
Ouch! That really hurt!
Unknown command.
The wyvern barely misses you. The wyvern bites you.
* * * LOW HITPOINT WARNING * * *
There is an open door here.
The wyvern closely misses you. The wyvern bites you!!
Ouch! That really hurt!
You die...

#.#..#.)))[##.......#
#)###########.......#
#(......# #########
#.###...# #.#.....#
#.#...#.#+#
#.....#.#.+
#...###.#'#
#...@l..'.#
###########


You could see a wyvern.

Vanquished Creatures
  2 black bears (D)
  A brain worm (D)
  An orc wizard (D)
  A worker ant (D)
  A river rat (D)
  An adder (D)
  2 ufetubi (D)
  4 orcs (D)
  A bat zombie (D)
  A hobgoblin (D)
  4 jackals (D)
  A giant cockroach (D)
  A giant gecko zombie (D)
  A giant newt (D)
22 creatures vanquished.

Notes
Turn   | Place    | Note
--------------------------------------------------------------
     0 | D        | Kidiri the Deep Elf Fire Elementalist began the quest for the Orb.
     0 | D        | Reached XP level 1. HP: 10/10 MP: 6/6
    15 | D        | Reached skill level 4 in Spellcasting
    27 | D        | Found a sacrificial altar of Ru.
    27 | D        | Found a basalt altar of Yredelemnul.
    27 | D        | Found a shadowy altar of Dithmenos.
    27 | D        | Found a deep blue altar of Sif Muna.
    27 | D        | Found a burning altar of Makhleb.
    27 | D        | Found a shimmering altar of Xom.
    27 | D        | Found an ancient bone altar of Kikubaaqudgha.
    27 | D        | Found a sparkling altar of Nemelex Xobeh.
    28 | D        | Found a glowing golden altar of the Shining One.
    28 | D        | Found a bloodstained altar of Trog.
    28 | D        | Found a shattered altar of Ashenzari.
    28 | D        | Found a white marble altar of Elyvilon.
    28 | D        | Found a snail-covered altar of Cheibriados.
    28 | D        | Found a blossoming altar of Fedhas.
    28 | D        | Found a radiant altar of Vehumet.
    28 | D        | Found a glowing silver altar of Zin.
    28 | D        | Found a corrupted altar of Lugonu.
    28 | D        | Found a viscous altar of Jiyva.
    28 | D        | Found a roughly hewn altar of Beogh.
    28 | D        | Found an iron altar of Okawaru.
    34 | D        | Found a stormy altar of Qazlal.
    34 | D        | Found an opulent altar of Gozag.
    36 | D        | Became a worshipper of Vehumet
    73 | D        | Reached XP level 2. HP: 15/15 MP: 9/9
    79 | D        | Learned a level 2 spell: Throw Flame
    86 | D        | Acquired Vehumet's first power
    86 | D        | Offered knowledge of Sandblast by Vehumet.
   213 | D        | Noticed a worker ant
   214 | D        | Noticed a brain worm
   223 | D        | Killed a brain worm
   223 | D        | Reached skill level 5 in Stealth
   223 | D        | Reached skill level 7 in Spellcasting
   223 | D        | Reached skill level 5 in Fire Magic
   223 | D        | Reached XP level 3. HP: 19/19 MP: 8/13
   223 | D        | Reached XP level 4. HP: 24/24 MP: 9/15
   234 | D        | Learned a level 3 spell: Conjure Flame
   238 | D        | Learned a level 3 spell: Inner Flame
   243 | D        | Learned a level 4 spell: Sticky Flame
   274 | D        | Killed a worker ant
   274 | D        | Offered knowledge of Throw Frost by Vehumet.
   274 | D        | Acquired Vehumet's second power
   274 | D        | Reached skill level 1 in Hexes
   395 | D        | Reached skill level 5 in Dodging
   509 | D        | Noticed a black bear
   520 | D        | Noticed an orc wizard
   522 | D        | Offered knowledge of Ignite Poison by Vehumet.
   523 | D        | Killed an orc wizard
   523 | D        | Acquired Vehumet's third power
   523 | D        | Reached skill level 8 in Spellcasting
   523 | D        | Reached XP level 5. HP: 23/28 MP: 6/17
   533 | D        | Learned a level 5 spell: Fireball
   551 | D        | Noticed a black bear
   554 | D        | Killed a black bear
   554 | D        | Reached skill level 9 in Spellcasting
   554 | D        | Reached skill level 5 in Conjurations
   581 | D        | Learned a level 3 spell: Ignite Poison
   672 | D        | Killed a black bear
   672 | D        | Offered knowledge of Throw Icicle by Vehumet.
   672 | D        | Reached skill level 10 in Spellcasting
   672 | D        | Reached XP level 6. HP: 25/32 MP: 17/21
   873 | D        | Offered knowledge of Static Discharge by Vehumet.
   878 | D        | Learned a level 3 spell: Static Discharge
   883 | D        | Noticed a wyvern
   892 | D        | Mangled by a wyvern

Vault maps used:
D:        pitsprint

Action                   |  1- 3 |  4- 6 || total
-------------------------+-------+-------++-------
Melee: Dagger            |     5 |     8 ||    13
 Cast: Flame Tongue      |    10 |    25 ||    35
       Throw Flame       |       |     5 ||     5
       Conjure Flame     |       |     2 ||     2
       Sticky Flame      |       |     2 ||     2
 Stab: Sleeping          |     2 |     1 ||     3
